 Dungeon Crawl Stone Soup version 0.27.0-1-g7a089689b8 (webtiles) character file.

Game seed: 18160797919017223438

71 Leeroy the Magician (level 4, -1/33 HPs)
             Began as a Djinni Warper on Aug 6, 2021.
             Slain by an adder (2 damage)
             ... on level 2 of the Dungeon.
             The game lasted 00:01:45 (1482 turns).

Leeroy the Magician (Djinni Warper)                 Turns: 1482, Time: 00:01:46

Health: -1/33      AC: 10    Str: 10    XL:     4   Next: 47%
Gold:   85         EV:  1    Int: 16    God:
                   SH:  0    Dex: 12

rFire    + + .     SeeInvis .   g - +2 dagger (elec)
rCold    x . .     Faith    .   (no shield)
rNeg     . . .     Spirit   .   f - +0 plate armour
rPois    ∞         Reflect  .   (no helmet)
rElec    .         Harm     .   (no cloak)
rCorr    .         Rampage  .   (no gloves)
Will     .....                  (boots unavailable)
Stlth    ..........             (no amulet)
HPRegen  0.11/turn              (no ring)
MPRegen  0.00/turn              (no ring)

@: flying
A: sickness immunity, fire resistance 2, cold vulnerability 1, float, innate
caster, hp casting, extra vitality 1
a: no special abilities


You were on level 2 of the Dungeon.
You visited 1 branch of the dungeon, and saw 2 of its levels.

You collected 85 gold pieces.

Inventory:

Hand Weapons
 a - a +0 falchion
 g - a +2 dagger of electrocution (weapon)
 h - a +2 whip of flaming
Missiles
 d - 5 boomerangs of dispersal (quivered)
 i - 15 poisoned darts
Armour
 b - a +0 leather armour
 f - a +0 plate armour (worn)
Scrolls
 c - a scroll of blinking
 e - 3 scrolls of identify {unknown}
 j - a scroll of fear {unknown}
 k - a scroll of teleportation {unknown}


   Skills:
 - Level 2.0 Fighting
 - Level 2.2 Long Blades
 + Level 0.3(0.6) Axes
 + Level 0.3(0.6) Maces & Flails
 + Level 0.3(0.7) Polearms
 + Level 0.7(1.0) Staves
 + Level 0.1 Bows
 + Level 0.2 Crossbows
 - Level 0.7 Throwing
 - Level 1.0 Armour
 - Level 2.1 Dodging
 + Level 0.2 Shields
 - Level 3.1 Spellcasting
 + Level 0.3 Invocations
 + Level 0.2 Evocations


You couldn't memorise any spells.
You knew the following spells:

 Your Spells              Type           Power      Damage    Failure   Level
a - Blink                 Tloc           N/A        N/A       100%        2
b - Lesser Beckoning      Tloc           6%         N/A       100%        3
c - Gell's Gravitas       Tloc           6%         N/A       100%        3
d - Teleport Other        Tloc           12%        N/A       100%        3
e - Manifold Assault      Tloc           12%        N/A       100%        5
f - Corona                Hex            13%        N/A       100%        1
Your spell library was empty.


Dungeon Overview and Level Annotations

Branches:
Dungeon (2/15)

Altars:
Trog


Innate Abilities, Weirdness & Mutations

You are immune to sickness and miasma.
You are immune to poison.
Your flesh is very heat resistant. (rF++)
You are vulnerable to cold. (rC-)
You float through the air rather than walking.
You learn spells naturally, not from books.
Your magical power is your life essence.
You have superior vitality. (+4 HP)


Message History

You kill the endoplasm!
The jackal completely misses you.
You hit the jackal.
The jackal is almost dead.
The jackal bites you but does no damage.
You hit the jackal.
The jackal is almost dead.
The jackal completely misses you.
Your plate armour prevents you from hitting the jackal.
The jackal is almost dead.
The jackal completely misses you. The jackal bites you.
* * * LOW HITPOINT WARNING * * *
You hit the jackal.
You kill the jackal!
You barely miss the adder. The adder bites you but does no damage.
You miss the adder. The adder bites you.
* * * LOW HITPOINT WARNING * * *
The adder bites you but does no damage.
You barely miss the adder. The adder bites you but does no damage.
You hit the adder.
The adder is heavily wounded.
The adder bites you but does no damage.
Your plate armour prevents you from hitting the adder.
The adder is heavily wounded.
The adder bites you.
* * * LOW HITPOINT WARNING * * *
You hit the adder but do no damage.
The adder is heavily wounded.
The adder bites you but does no damage.
You miss the adder.
The adder is heavily wounded.
The adder bites you but does no damage. The adder bites you.
* * * LOW HITPOINT WARNING * * *
You closely miss the adder.
The adder is heavily wounded.
The adder bites you but does no damage.
You hit the adder.
The adder is severely wounded.
The adder bites you.
You die...

#######.############
####.......†.)........#
#..........##########.#
..#.###.#.# #.#
..........# #)# .
..#.###.#).# #.# ...
#.#$#.#..# #.#
.....#.###.#..# #.#
.......S@)....# #..
.....#.###.#...# ###
..##... ..[...# .$.##
###.#... ###. ....## #
#.## .# # ### ...


You could see an adder.

Vanquished Creatures
  2 adders (D:2)
  2 dart slugs (D:1)
  2 ball pythons
  3 endoplasms
  10 goblins
  5 hobgoblins
  3 jackals (D:2)
  7 kobolds
  5 bats (D:1)
  5 frilled lizards
  A rat (D:2)
45 creatures vanquished.

Notes
Turn   | Place    | Note
-------+----------+-------------------------------------------
     0 | D:1      | Leeroy the Djinni Warper began the quest for the Orb.
     0 | D:1      | Reached XP level 1. HP: 18/18 MP: 0/0
   357 | D:1      | Reached XP level 2. HP: 22/23 MP: 0/0
   605 | D:1      | Reached XP level 3. HP: 28/28 MP: 0/0
   605 | D:1      | Learned a level 1 spell: Corona
   618 | D:1      | Reached skill level 3 in Spellcasting
  1186 | D:2      | Found a faded altar of an unknown god.
  1216 | D:2      | Became a worshipper of Trog the Wrathful
  1216 | D:2      | Reached * piety under Trog
  1217 | D:2      | Fell from the grace of Trog
  1419 | D:2      | Reached XP level 4. HP: 21/33 MP: 0/0
  1480 | D:2      | HP: 1/33 [adder (2)]
  1482 | D:2      | Slain by an adder

Illustrated notes

Levels and vault maps discovered:
D:1:      mrwooster_arrival_arrow, layout_basic
D:2:      layout_loops_ring, shapermc_ecumenical_altar_mp_highgroup,
          minmay_surrounded

Skill      XL: |  1  2  3 |
---------------+----------+-----
Long Blades    | 2 |  2.2
Spellcasting   | 3 |  3.1
Fighting       | |  2.0
Axes           | |  0.3
Maces & Flails | |  0.3
Polearms       | |  0.3
Staves         | |  0.7
Bows           | |  0.1
Crossbows      | |  0.2
Throwing       | |  0.7
Armour         | |  1.0
Dodging        | |  2.1
Shields        | |  0.2
Invocations    | |  0.3
Evocations     | |  0.2

Action                   |  1- 3 |  4- 6 || total
-------------------------+-------+-------++-------
Melee: Falchion          |    12 |       ||    12
       Dagger            |   106 |    33 ||   139
Invok: Renounce Religion |     1 |       ||     1
Armor: Plate armour      |   104 |    23 ||   127
       Leather armour    |     3 |       ||     3
Dodge: Dodged            |     6 |     4 ||    10
       Rpst.: Falchion   |     1 |       ||     1
